 Dungeon Crawl Stone Soup version 0.30-a0-241-g1121274140 (webtiles) character file.

Game seed: 16374878739926258790

3114 funkygono the Geomancer (level 9, 0/48 HPs)
             Began as a Gargoyle Earth Elementalist on Oct 10, 2022.
             Was a Believer of Vehumet.
             Slain by a killer bee (2 damage)
             ... on level 8 of the Dungeon.
             The game lasted 00:13:24 (6405 turns).

funkygono the Geomancer (GrEE)                      Turns: 6405, Time: 00:13:24

Health: 0/48       AC: 15    Str: 11    XL:     9   Next: 91%
Magic:  30/30      EV: 12    Int: 24    God:    Vehumet [**....]
Gold:   295        SH:  0    Dex: 10    Spells: 17/24 levels left

rFire   . . .      SeeInvis .    v - +6 mace "Ytisie" {venom, rPois}
rCold   . . .      Faith    .    (no shield)
rNeg    + . .      Spirit   .    a - +0 robe
rPois   ∞          Reflect  .    s - +2 helmet {Int+3}
rElec   +          Harm     .    G - +0 cloak
rCorr   .          Rampage  .    u - +0 pair of gloves
Will    +....                    t - +1 pair of boots
Stlth   ++........               (no amulet)
HPRegen 0.28/turn                q - ring of magical power
MPRegen 0.22/turn                w - ring of willpower

@: marked
A: sickness immunity, AC +6, negative energy resistance 1, electricity
resistance, torment resistance 1, petrification resistance
a: Renounce Religion


You were on level 8 of the Dungeon.
You worshipped Vehumet.
Vehumet was pleased with you.
You visited 2 branches of the dungeon, and saw 9 of its levels.

You collected 411 gold pieces.
You spent 116 gold pieces at shops.

Inventory:

Hand Weapons
 e - a +2 whip
 p - a +2 whip of freezing
 v - the +6 mace "Ytisie" (weapon) {venom, rPois}
   (You found it on level 3 of the Dungeon)

   It poisons the flesh of those it strikes.
   rPois:     It protects you from poison.
 F - a +2 quarterstaff of chaos
Armour
 a - a +0 robe (worn)
 s - a +2 helmet of intelligence (worn)
 t - a +1 pair of boots (worn)
 u - a +0 pair of gloves (worn)
 x - a +0 robe of fire resistance
 G - a +0 cloak (worn)
Jewellery
 q - a ring of magical power (left hand)
 w - a ring of willpower (right hand)
 y - an amulet of faith
 D - a +6 ring of intelligence
Wands
 c - a wand of mindburst (14)
 d - a wand of polymorph (13)
 f - a wand of flame (23)
Scrolls
 g - 8 scrolls of butterflies
 h - 2 scrolls of teleportation
 z - 2 scrolls of immolation
 H - a scroll of blinking
Potions
 b - a potion of magic
 i - 2 potions of invisibility
 j - a potion of might
 k - 3 potions of haste
 l - a potion of lignification
 m - 3 potions of heal wounds
 n - 4 potions of curing
 o - a potion of cancellation {unknown}
 r - 2 potions of brilliance
 A - a potion of flight {unknown}
 B - 2 potions of ambrosia {unknown}
 E - a potion of attraction {unknown}


   Skills:
 + Level 2.2 Fighting
 + Level 1.5 Maces & Flails
 + Level 2.4 Dodging
 + Level 2.6 Stealth
 + Level 8.2 Spellcasting
 + Level 5.3 Conjurations
 + Level 0.8 Transmutations
 + Level 10.3 Earth Magic


You had 17 spell levels left.
You knew the following spells:

 Your Spells              Type           Power      Damage    Failure   Level
a - Sandblast             Erth           100%       2d20      1%          1
b - Passwall              Tmut/Erth      30%        N/A       1%          2
c - Stone Arrow           Conj/Erth      94%        3d12      1%          3
d - Shock                 Conj/Air       88%        1d8       2%          1

Your spell library contained the following spells:

 Spells                   Type           Power      Damage    Failure   Level
 Momentum Strike          Conj/Tloc      44%        3d9       3%          2
 Petrify                  Tmut/Erth      36%        N/A       6%          4
 Gell's Gravitas          Tloc           9%         N/A       19%         3
 Inner Flame              Hex/Fire       9%         N/A       19%         3
 Lesser Beckoning         Tloc           18%        N/A       19%         3
 Teleport Other           Tloc           9%         N/A       19%         3
 Tukima's Dance           Hex            9%         N/A       19%         3
 Cause Fear               Hex            4%         N/A       54%         4
 Passage of Golubria      Tloc           9%         N/A       54%         4
 Yara's Violent Unravell  Hex/Tmut       5%         3d4       83%         5
 Discord                  Hex            4%         N/A       100%        8


Dungeon Overview and Level Annotations

Branches:
Dungeon (8/15)             Temple (1/1) D:4
   Lair: D:8-11

Altars:
Cheibriados
Dithmenos
Elyvilon
Gozag
Hepliaklqana
Kikubaaqudgha
Makhleb
Nemelex Xobeh
Okawaru
Qazlal
Ru
Sif Muna
Trog
Uskayaw
Vehumet
Wu Jian
Xom
Yredelemnul
Zin
The Shining One

Shops:
D:2 [

Annotations:
D:5 2 transporters, PaleRider's ghost, novice KoBr
D:7 2 transporters, bjarki66's ghost, novice TeFE


Innate Abilities, Weirdness & Mutations

You are immune to sickness and miasma.
Your stone body is resilient. (AC +6)
You are immune to poison.
You resist negative energy. (rN+)
You are resistant to electric shocks. (rElec)
You are resistant to unholy torment.
You are immune to petrification.


Message History

The killer bee misses you.
A bullfrog comes into view.
The killer bee stings you.
The killer bee stings you but does no damage.
You miss the killer bee.
The killer bee is severely wounded.
You kill the killer bee!
Vehumet accepts your kill. The killer bee stings you.
The killer bee closely misses you. The killer bee barely misses you.
The killer bee misses you. The killer bee stings you.
The killer bee stings you but does no damage.
The killer bee stings you. The killer bee stings you!
The killer bee closely misses you. The orc closely misses you.
You hit the orc.
The orc is poisoned.
The orc is moderately wounded.
The killer bee misses you. The killer bee stings you.
* * * LOW HITPOINT WARNING * * *
The killer bee stings you but does no damage. x2
The killer bee stings you.
* * * LOW HITPOINT WARNING * * *
The killer bee barely misses you. The orc hits you but does no damage.
A kobold comes into view. It is wielding a +1 dagger of speed.
Something hits you.
* * * LOW HITPOINT WARNING * * *
A howler monkey comes into view.
The killer bee stings you but does no damage.
The killer bee barely misses you. x2
You sock the orc!
You kill the orc!
Vehumet accepts your kill. The killer bee misses you.
The killer bee completely misses you. The killer bee stings you.
* * * LOW HITPOINT WARNING * * *
Something completely misses you.
A kobold comes into view. It is wielding a +0 short sword.
The orc priest miscasts a cantrip.
The killer bee closely misses you. The killer bee barely misses you.
The killer bee stings you.
You die...
K# K'.

#h..
#...###########
#..Foy<.>......
+..oy.@y.......
#...###y...###+
#..y###....###.
#.....'........
#.....#........
##+########+###


You could see a hornet, a bullfrog, a howler monkey, 3 killer bees, an orc
priest, an orc and 2 kobolds.

Vanquished Creatures
  Pikel (D:5)
  A hornet (D:7)
  Grinder (D:4)
  Duvessa (D:5)
  5 ogres
  A centaur (D:5)
  A phantom (D:4)
  Blork the orc (D:5)
  3 bullfrogs
  5 scorpions
  Dowan (D:5)
  A killer bee (D:8)
  A howler monkey (D:5)
  A hound (D:4)
  4 jellies
  Crazy Yiuf (D:6)
  7 orc priests
  A gnoll bouda (D:5)
  Natasha (thrice) (D:4)
  2 iguanas
  3 orc wizards
  Robin (D:1)
  6 gnolls
  7 adders
  2 shadow imps
  3 white imps
  2 ufetubi
  2 dart slugs
  25 orcs
  2 bats (D:3)
  4 endoplasms
  2 giant cockroaches
  11 hobgoblins
  7 kobolds
  3 quokkas
  6 ball pythons
  A frilled lizard (D:1)
  12 goblins
  4 rats
145 creatures vanquished.

Vanquished Creatures (others)
  3 fungi (D:6)
3 creatures vanquished.

Grand Total: 148 creatures vanquished

Notes
Turn   | Place    | Note
-------+----------+-------------------------------------------
     0 | D:1      | funkygono the Gargoyle Earth Elementalist began the quest
                  | for the Orb.
     0 | D:1      | Reached XP level 1. HP: 10/10 MP: 3/3
   188 | D:1      | Reached skill level 1 in Fighting
   188 | D:1      | Reached XP level 2. HP: 13/16 MP: 1/5
   468 | D:1      | Reached skill level 4 in Earth Magic
   665 | D:1      | Reached XP level 3. HP: 20/20 MP: 4/6
   668 | D:1      | Learned a level 2 spell: Passwall
   672 | D:1      | Learned a level 3 spell: Stone Arrow
  1376 | D:2      | Noticed Robin
  1539 | D:1      | Killed Robin
  1540 | D:1      | Reached XP level 4. HP: 25/25 MP: 5/8
  1648 | D:2      | Found Woehi's Armour Boutique.
  1659 | D:2      | Bought a +0 pair of boots for 58 gold pieces
  1659 | D:2      | Bought a +0 pair of gloves for 58 gold pieces
  2013 | D:3      | Reached skill level 1 in Conjurations
  2013 | D:3      | Reached XP level 5. HP: 29/29 MP: 9/9
  2189 | D:3      | Reached skill level 5 in Earth Magic
  2377 | D:3      | Identified the +6 mace "Ytisie" {venom, rPois}
  2746 | D:4      | Noticed Grinder
  2746 | D:4      | Paralysed by Grinder for 4 turns
  2749 | D:4      | Noticed Natasha
  2809 | D:4      | Noticed an ogre
  2854 | D:4      | Noticed an ogre
  2859 | D:4      | Killed an ogre
  2860 | D:4      | Reached XP level 6. HP: 32/34 MP: 11/11
  2874 | D:4      | Reached skill level 6 in Earth Magic
  2915 | D:4      | Reached XP level 7. HP: 36/38 MP: 13/13
  2956 | D:4      | Found a staircase to the Ecumenical Temple.
  2963 | D:4      | Killed Natasha
  2970 | D:4      | Killed Grinder
  2971 | D:4      | Reached skill level 7 in Earth Magic
  3023 | D:4      | Noticed Natasha
  3026 | Temple   | Entered the Ecumenical Temple
  3273 | Temple   | Became a worshipper of Vehumet
  3480 | D:4      | Killed Natasha
  3535 | D:4      | Noticed Natasha
  3538 | D:4      | Killed Natasha
  3590 | D:4      | Reached skill level 5 in Spellcasting
  3670 | D:4      | Reached XP level 8. HP: 43/43 MP: 15/15
  3902 | D:5      | Entered Level 5 of the Dungeon
  3902 | D:5      | Found a transporter.
  3906 | D:5      | Noticed PaleRider's ghost (novice KoBr)
  3924 | D:4      | Reached skill level 8 in Earth Magic
  3987 | D:5      | Reached * piety under Vehumet
  3987 | D:5      | Offered knowledge of Shock by Vehumet.
  4258 | D:5      | Noticed Duvessa
  4258 | D:5      | Noticed Dowan
  4265 | D:5      | Killed Duvessa
  4273 | D:5      | Killed Dowan
  4457 | D:5      | Noticed Pikel
  4468 | D:5      | Killed Pikel
  4469 | D:5      | Reached skill level 5 in Conjurations
  4469 | D:5      | Reached skill level 9 in Earth Magic
  4469 | D:5      | Reached XP level 9. HP: 39/48 MP: 19/19
  4473 | D:5      | Learned a level 1 spell: Shock
  4548 | D:5      | Found a transporter.
  4658 | D:5      | Noticed Blork the orc
  4662 | D:5      | Killed Blork the orc
  5414 | D:6      | Found a runed translucent door.
  5415 | D:6      | Noticed Crazy Yiuf
  5420 | D:6      | Killed Crazy Yiuf
  5513 | D:7      | Reached skill level 1 in Maces & Flails
  5547 | D:7      | Found a transporter.
  5550 | D:7      | Noticed bjarki66's ghost (novice TeFE)
  5604 | D:7      | Found a transporter.
  5839 | D:7      | Noticed a hornet
  5846 | D:7      | Killed a hornet
  5935 | D:7      | Reached skill level 10 in Earth Magic
  6019 | D:7      | Reached ** piety under Vehumet
  6019 | D:7      | Offered knowledge of Momentum Strike by Vehumet.
  6400 | D:8      | Noticed a hornet
  6405 | D:8      | HP: 2/48 [killer bee (4)]
  6405 | D:8      | Slain by a killer bee

Illustrated notes

Levels and vault maps discovered:
D:1:      shiori_arrival_maze, layout_loops_cross
D:2:      layout_loops_ring, serial_shops, nicolae_lakefront_shop, uniq_robin
D:3:      layout_basic
D:4:      layout_rooms, minmay_temple_entry_statues_pillars,
          ebering_dispersal_statue_hall, uniq_natasha, uniq_grinder
D:5:      layout_rooms, gammafunk_ghost_arena, minmay_misc_feat_doors,
          uniq_pikel, uniq_duvessa, uniq_blork_the_orc
D:6:      layout_loops_ring, uniq_crazy_yiuf_cottage
D:7:      layout_basic, gammafunk_ghost_smash
D:8:      layout_gridville, mainiacjoe_overflow_swirl, serial_shops,
          nicolae_shop_competitors_out_of_business
Temple:   mainiacjoe_temple_big_plus

Skill      XL: |  1  2  3  4  5  6  7  8  9 |
---------------+----------------------------+-----
Fighting       | 1 2 |  2.2
Earth Magic    | 4 5 6 7 9 10 | 10.3
Spellcasting   | 3 4 5 6 8 |  8.2
Conjurations   | 1 2 3 5 |  5.3
Dodging        | 2 |  2.4
Maces & Flails | 1 |  1.5
Stealth        | |  2.6
Transmutations | |  0.8

Action                   |  1- 3 |  4- 6 |  7- 9 || total
-------------------------+-------+-------+-------++-------
Melee: Whip              |     5 |     7 |       ||    12
       Mace              |       |     1 |    42 ||    43
       Unarmed           |       |       |     2 ||     2
 Cast: Sandblast         |    43 |    40 |   137 ||   220
  Use: Scroll            |       |    15 |     5 ||    20
Armor: Robe              |     7 |     7 |    44 ||    58
Dodge: Dodged            |    21 |    14 |    80 ||   115

Table legend: (Time is in decaauts)
 A = Elapsed time spent in this place.
 B = Non-inter-level travel time spent in this place.
 C = Inter-level travel time spent in this place.
 D = Time resting spent in this place.
 E = Time spent auto-exploring this place.
 F = Levels seen in this place.
 G = Mean time per level.
                   A        B        C        D        E       F      G
               +--------+--------+--------+--------+--------+-----+--------+
         Total |   6535 |   6296 |    239 |    599 |   4513 |   9 |  726.1 |
       Dungeon |   6103 |   5890 |    213 |    599 |   4128 |   8 |  762.9 |
        Temple |    431 |    405 |     26 |      0 |    385 |   1 |  431.0 |
               +--------+--------+--------+--------+--------+-----+--------+

Top non-repeatable levels by time:
     D:1: 1107 daAuts
     D:3: 921 daAuts
     D:7: 915 daAuts
     D:4: 910 daAuts
     D:2: 850 daAuts
     D:6: 735 daAuts
     D:5: 643 daAuts
  Temple: 431 daAuts
     D:8: 19 daAuts
